 Dungeon Crawl Stone Soup version 0.30.1-4-g462c640d31 (webtiles) character file.

Game seed: 9727859336755659421

2202 arthad the Trooper (level 9, -2/57 HPs)
             Began as a Gargoyle Fighter on Aug 28, 2023.
             Was a Believer of Okawaru.
             Slain by an ice beast (12 damage)
             ... on level 7 of the Dungeon.
             The game lasted 00:11:24 (7168 turns).

arthad the Trooper (Gargoyle Fighter)               Turns: 7168, Time: 00:11:24

Health: -2/57      AC: 15    Str: 24    XL:     9   Next: 34%
Magic:  11/11      EV:  9    Int:  9    God:    Okawaru [**....]
Gold:   203        SH:  9    Dex:  9    Spells: 8/8 levels left

rFire   . . .        E - +0 morningstar
rCold   . . .        H - +0 kite shield
rNeg    + . .        b - +0 scale mail
rPois   ∞            (no helmet)
rElec   +            (no cloak)
rCorr   .            l - +0 pair of gloves
SInv    +            (no boots)
Will    .....        (no amulet) Stlth
                     k - ring of see invisible
HPRegen 0.29/turn    (no ring)
MPRegen 0.12/turn

%: no passive effects
@: about to teleport
A: sickness immunity, AC +6, negative energy resistance 1, electricity
resistance, torment resistance 1, petrification resistance
a: Renounce Religion, Heroism


You were on level 7 of the Dungeon.
You worshipped Okawaru.
Okawaru was pleased with you.
You visited 2 branches of the dungeon, and saw 9 of its levels.

You collected 323 gold pieces.
You spent 120 gold pieces at shops.

Inventory:

Hand Weapons
 a - a +0 flail
 E - a +0 morningstar (weapon)
 J - a +1 flail of holy wrath
Missiles
 q - 2 curare-tipped darts
 s - a boomerang (quivered)
 y - 10 poisoned darts
 G - 2 throwing nets
Armour
 b - a +0 scale mail (worn)
 c - a +0 buckler
 l - a +0 pair of gloves (worn)
 v - an orb of guile
 H - a +0 kite shield (worn)
Jewellery
 k - a ring of see invisible (left hand)
Wands
 t - a wand of mindburst (9)
 A - a wand of flame (22)
 B - a wand of paralysis (29)
 F - a wand of polymorph (4)
Scrolls
 d - 2 scrolls of vulnerability {unknown}
 f - 4 scrolls of teleportation
 h - a scroll of amnesia {unknown}
 m - a scroll of immolation {unknown}
 n - 4 scrolls of identify {unknown}
 o - a scroll of fog {unknown}
 p - a scroll of acquirement {unknown}
 w - 3 scrolls of enchant armour {unknown}
 x - 2 scrolls of silence {unknown}
 z - a scroll of enchant weapon {unknown}
 C - a scroll of brand weapon {unknown}
 I - a scroll of magic mapping {unknown}
Potions
 e - a potion of heal wounds
 g - 3 potions of curing
 i - a potion of attraction {unknown}
 j - a potion of haste
 r - a potion of magic {unknown}
 u - a potion of ambrosia {unknown}
 D - a potion of cancellation


   Skills:
 * Level 7.5 Fighting
 * Level 6.4 Maces & Flails
 + Level 6.9 Armour
 + Level 6.9 Shields
 + Level 2.8 Invocations


You had 8 spell levels left.
You didn't know any spells.
Your spell library contained the following spells:

 Spells                   Type           Power      Damage    Failure   Level
 Magic Dart               Conj           0%         1d3       87%         1
 Sting                    Tmut/Pois      0%         1d3       87%         1
 Poisonous Vapours        Pois/Air       0%         N/A       95%         2
 Portal Projectile        Hex/Tloc       0%         N/A       99%         3
 Leda's Liquefaction      Hex/Erth       0%         N/A       100%        4
 Olgreb's Toxic Radiance  Pois           0%         N/A       100%        4
 Call Canine Familiar     Summ           Unusable   N/A       N/A         3

Dungeon Overview and Level Annotations

Branches:
Dungeon (8/15)             Temple (1/1) D:5
   Lair: D:8-11

Altars:
Cheibriados
Dithmenos
Elyvilon
Fedhas
Gozag
Hepliaklqana
Kikubaaqudgha
Okawaru
Qazlal
Ru
Sif Muna
Trog
Uskayaw
Vehumet
Wu Jian
Xom
Yredelemnul
Zin
The Shining One

Shops:
D:5 !

Annotations:
D:6 2 transporters, turdburglar's ghost, novice DsFi
D:7 1 runed translucent door, Crazy Yiuf


Innate Abilities, Weirdness & Mutations

You are immune to sickness and miasma.
Your stone body is resilient. (AC +6)
You are immune to poison.
You resist negative energy. (rN+)
You are resistant to electric shocks. (rElec)
You are resistant to unholy torment.
You are immune to petrification.


Message History

The centaur hits you but does no damage.
The centaur closely misses you. You block the bullfrog's attack.
You barely miss the bullfrog.
The bullfrog is almost dead.
The centaur hits you. The centaur kicks you.
* * * LOW HITPOINT WARNING * * *
The bullfrog closely misses you. The ice beast barely misses you.
You block the centaur's attack.
The centaur kicks you but does no damage.
The bullfrog closely misses you.
You closely miss the bullfrog.
The bullfrog is almost dead.
The ice beast hits you but does no damage.
The centaur hits you but does no damage.
The centaur barely misses you. You block the bullfrog's attack.
The ice beast hits you but does no damage.
You block the centaur's attack.
The centaur kicks you but does no damage.
You miss the bullfrog.
The bullfrog is almost dead.
The bullfrog hits you but does no damage.
The centaur hits you but does no damage.
You block the centaur's attack. The bullfrog barely misses you.
The ice beast misses you.
You sock the bullfrog!
You kill the bullfrog!
Okawaru accepts your kill. The centaur hits you.
* * * LOW HITPOINT WARNING * * *
The centaur kicks you but does no damage.
You block the centaur's attack. The centaur closely misses you.
The ice beast hits you but does no damage.
As you read the scroll of teleportation, it crumbles to dust.
You feel strangely unstable. You block the centaur's attack. x2
The ice beast hits you but does no damage.
You block the centaur's attack. The centaur barely misses you.
The ice beast hits you.
* * * LOW HITPOINT WARNING * * *
The ice beast freezes you!
You die...

#.##..##..## #..... ##
#.. ##..## #.....#
#..####...# #...... ##.#
#...#.### .......## #..
###.._..# ........###.#
###.#.# ..(.....##..#
#.... .........#..#
###.. .......@....####
##. ......cY.......###
#. .........#.......###
##
...............†...#####
.....#................##
....###.................
...# ####.......##.....
... ###...######...
##### ##..


You could see an ice beast and a centaur.

Vanquished Creatures
  Grinder (D:4)
  Sigmund (D:6)
  A black bear (D:6)
  An ice beast (D:6)
  A phantom (D:4)
  2 bullfrogs
  A gnoll sergeant (D:7)
  2 scorpions
  5 wights (D:5)
  2 howler monkeys
  2 jellies
  2 gnoll boudas
  2 orc priests
  4 hounds
  4 iguanas
  7 orc wizards
  13 adders
  12 gnolls
  2 shadow imps
  2 white imps
  3 ufetubi
  A dart slug (D:4)
  19 orcs
  10 ball pythons
  7 endoplasms
  2 giant cockroaches (D:1)
  7 goblins
  4 hobgoblins
  5 quokkas
  11 bats
  8 frilled lizards
  4 kobolds
  3 rats
151 creatures vanquished.

Notes
Turn   | Place    | Note
-------+----------+-------------------------------------------
     0 | D:1      | arthad the Gargoyle Fighter began the quest for the Orb.
     0 | D:1      | Reached XP level 1. HP: 14/14 MP: 1/1
     6 | D:1      | Noticed an anaconda
     6 | D:1      | Noticed a hound
     7 | D:1      | Noticed a swamp worm
     7 | D:1      | Noticed a wyvern
   104 | D:1      | Reached XP level 2. HP: 6/19 MP: 2/2
   598 | D:1      | Reached XP level 3. HP: 23/23 MP: 3/3
  1380 | D:2      | Reached XP level 4. HP: 23/29 MP: 4/4
  1958 | D:3      | Reached skill level 4 in Fighting
  1990 | D:3      | Found a faded altar of an unknown god.
  2474 | D:4      | Reached XP level 5. HP: 25/33 MP: 5/5
  2563 | D:4      | Reached XP level 6. HP: 25/39 MP: 6/6
  2860 | D:4      | Found a blossoming altar of Fedhas.
  2863 | D:4      | Noticed Grinder
  2869 | D:4      | Paralysed by Grinder for 5 turns
  2878 | D:4      | Paralysed by Grinder for 4 turns
  2883 | D:4      | Paralysed by Grinder for 2 turns
  2887 | D:4      | Killed Grinder
  2888 | D:4      | Reached skill level 5 in Fighting
  2888 | D:4      | Reached skill level 5 in Armour
  2888 | D:4      | Reached skill level 5 in Shields
  2888 | D:4      | Reached XP level 7. HP: 29/44 MP: 7/7
  3141 | D:4      | Found a glowing silver altar of Zin.
  3215 | D:5      | Entered Level 5 of the Dungeon
  3536 | D:5      | Found a staircase to the Ecumenical Temple.
  3540 | D:5      | Found Uzeylim's Distillery.
  3545 | Temple   | Entered the Ecumenical Temple
  3600 | Temple   | Became a worshipper of Warmaster Okawaru
  3615 | D:5      | Bought a potion of heal wounds for 60 gold pieces
  3615 | D:5      | Bought a potion of heal wounds for 60 gold pieces
  3757 | D:5      | Found a sacrificial altar of Ru.
  3838 | D:5      | Reached XP level 8. HP: 18/51 MP: 8/8
  4032 | D:5      | Reached skill level 6 in Fighting
  4334 | D:5      | You fall into a shaft and drop 3 floors!
  4413 | D:8      | Reached skill level 5 in Maces & Flails
  4666 | D:7      | Found a shadowy altar of Dithmenos.
  4666 | D:7      | Found an opulent altar of Gozag.
  4736 | D:6      | Reached * piety under Okawaru
  4919 | D:6      | Reached skill level 1 in Invocations
  5800 | D:6      | Noticed Sigmund
  5827 | D:6      | Killed Sigmund
  5828 | D:6      | Reached skill level 7 in Fighting
  5828 | D:6      | Reached XP level 9. HP: 48/57 MP: 10/10
  5883 | D:6      | Found a radiant altar of Vehumet.
  5919 | D:6      | Got Vehumet's Almanac of the Discharge
  6013 | D:6      | Found an ancient bone altar of Kikubaaqudgha.
  6025 | D:6      | Found a shimmering blue altar of Sif Muna.
  6186 | D:6      | Found a transporter.
  6227 | D:6      | Found a transporter.
  6233 | D:6      | Noticed turdburglar's ghost (novice DsFi)
  6782 | D:7      | Reached ** piety under Okawaru
  6940 | D:7      | Found a hide-covered altar of Uskayaw.
  7029 | D:7      | Found a shimmering altar of Xom.
  7098 | D:7      | Found a runed translucent door.
  7099 | D:7      | Noticed Crazy Yiuf
  7168 | D:7      | Slain by an ice beast

Illustrated notes

Levels and vault maps discovered:
D:1:      onia_arrival_zoo_common, layout_basic, st_stairs_6
D:2:      layout_basic
D:3:      layout_loops_ring, basic_ecumenical_altar
D:4:      layout_cave_pools, overflow_temple_1_default, zin_scriptorium,
          uniq_grinder
D:5:      layout_loops_ring, nicolae_ru_sacrificial_ziggurat,
          minmay_temple_entry_drinking_statues, serial_shops,
          nicolae_shop_crystal, small_statue_intersection,
          hangedman_decor_growths
D:6:      layout_layer_cave, palyth_temple_overflow_mages,
          gammafunk_ghost_stat_death, uniq_sigmund
D:7:      layout_cave_pods, lemuel_crystal_altar,
          gammafunk_temple_overflow_forgotten, uniq_menkaure,
          uniq_crazy_yiuf_cottage
D:8:      layout_layer_cave, evilmike_ruin_ashenzari,
          grunt_lair_entry_orc_guard_hut
Temple:   nicolae_temple_cloud_nine

Skill      XL: |  1  2  3  4  5  6  7  8 |
---------------+-------------------------+-----
Shields        | 4 5 6 |  6.9
Armour         | 4 5 6 |  6.9
Fighting       | 4 5 7 |  7.5
Maces & Flails | 3 4 6 |  6.4
Invocations    | 2 |  2.8

Action                     |  1- 3 |  4- 6 |  7- 9 || total
---------------------------+-------+-------+-------++-------
  Melee: Flail             |   161 |   138 |   227 ||   526
         Morningstar       |       |       |   145 ||   145
  Throw: Dart              |       |     3 |       ||     3
         Boomerang         |       |       |    13 ||    13
    Use: Potion            |     1 |     1 |     5 ||     7
         Scroll            |       |       |     2 ||     2
 Armour: Scale mail        |   111 |    96 |   258 ||   465
  Dodge: Dodged            |    96 |    74 |   205 ||   375
  Block: Buckler           |    57 |    39 |    95 ||   191
         Kite shield       |       |       |    33 ||    33
